 Dungeon Crawl Stone Soup version 0.31.0-12-g77e489cdc1 (webtiles) character file.

Game seed: 5788266431627281732

130 Buffagor the Insei (level 5, -1/37 HPs)
             Began as a Merfolk Shapeshifter on Feb 17, 2024.
             Slain by a gnoll
             ... wielding a +0 spear
              (9 damage)
             ... on level 3 of the Dungeon.
             The game lasted 00:05:20 (2126 turns).

Buffagor the Insei (Merfolk Shapeshifter)           Turns: 2126, Time: 00:05:21

Health: -1/37      AC:  3    Str: 14    XL:     5   Next: 14%
Magic:  5/5        EV: 12    Int: 10    God:
Gold:   109        SH:  0    Dex: 15    Spells: 4/4 levels left

rFire   . . .        n - +0 dagger (speed)
rCold   . . .        (no shield)
rNeg    . . .        a - +0 animal skin
rPois   +            (helmet currently unavailable)
rElec   .            (cloak currently unavailable)
rCorr   .            (gloves currently unavailable)
SInv    .            (boots currently unavailable)
Will    .....        (no amulet)
Stlth   +            r - ring of poison resistance
HPRegen 0.26/turn    (no ring)
MPRegen 0.09/turn

%: no passive effects
@: beast-form, weak-willed
A: beast (slay +2), (nimble swimmer 2), mertail, shaggy fur 1
a: Begin Untransformation


You were on level 3 of the Dungeon.
You were a hulking beast.
You visited 1 branch of the dungeon, and saw 3 of its levels.

You collected 109 gold pieces.

Inventory:

Hand Weapons
 n - a +0 dagger of speed (weapon)
Armour
 a - a +0 animal skin (worn)
 e - a +0 cloak
 m - a +0 cloak
 o - a +0 cloak
Jewellery
 r - a ring of poison resistance (left hand)
Talismans
 c - a beast talisman
 d - a flux talisman
 j - a maw talisman
Wands
 w - a wand of light (14)
Scrolls
 f - a scroll of vulnerability
 i - a scroll of identify
Potions
 b - 2 potions of lignification
 g - a potion of haste
 h - 3 potions of attraction
 k - 5 potions of curing
 p - 2 potions of magic
 t - 2 potions of mutation
 u - a potion of brilliance


   Skills:
 - Level 1.1 Fighting
 - Level 2.6 Dodging
 * Level 5.4 Unarmed Combat
 + Level 5.2 Shapeshifting


You had 4 spell levels left.
You didn't know any spells.
Your spell library was empty.

Dungeon Overview and Level Annotations

Branches:
Dungeon (3/15)

Altars:

Annotations:
D:3 Grinder


Innate Abilities, Weirdness & Mutations

You are a hulking beast.
Your limbs bulge with bestial killing power. (Slay +2)
((You are very nimble when in or above water. (Stealth+, EV+, Speed+++)))
Your lower body shifts to a powerful aquatic tail in water.
You are covered in fur. (AC +1)


Message History

h - 3 potions of attraction
As you read the scroll of identify, it crumbles to dust.
k - 5 potions of curing
As you read the scroll of identify, it crumbles to dust.
p - 2 potions of magic
As you read the scroll of identify, it crumbles to dust.
u - a potion of brilliance
Okay, then.
As you read the scroll labelled YVEKHL LORU, it crumbles to dust.
A wave of despondency washes over your surroundings.
It was a scroll of vulnerability.
Found a stone staircase leading down.
Found a whip and a book of Dreams.
A quokka comes into view.
A gnoll comes into view. It is wielding a +0 club.
The gnoll shouts!
You hear a shout!
The quokka bites you.
You hit the quokka.
You kill the quokka! 2 gnolls come into view.
The gnoll shouts!
The gnoll hits you with a +0 club.
The gnoll moves out of view.
A gnoll comes into view. It is wielding a +0 whip.
Things that are here:
a +0 whip; a quokka corpse The gnoll shouts!
You hit the gnoll.
The gnoll is heavily wounded.
The gnoll hits you with a +0 club!
* * * LOW HITPOINT WARNING * * *
You hit the gnoll but do no damage.
The gnoll is heavily wounded.
A ribbon worm comes into view.
The gnoll hits you with a +0 club.
* * * LOW HITPOINT WARNING * * *
You closely miss the gnoll. You punch the gnoll.
You kill the gnoll!
The gnoll attacks as it pursues you!
The gnoll hits you from afar with a +0 spear!
You die...

#.........#
#.....>...# ...
##.........# #..
#.......:..##. #..
#.............
#..###....g).w...#
#...##.g....)...##
#..##.######...#
##..h...>.g...##
#......######.#
#<#.##..# .g #.#.#
#.# #. ..#.# .# #.
.##..# .# .. .##
.# .. ### ..5


You could see 3 gnolls.

Vanquished Creatures
  Terence (D:2)
  5 gnolls
  An adder (D:2)
  3 dart slugs
  2 ribbon worms (D:2)
  4 ball pythons
  4 endoplasms
  A giant cockroach (D:1)
  3 goblins
  5 hobgoblins
  2 quokkas
  2 bats
  2 frilled lizards
  3 kobolds (D:1)
  2 rats (D:1)
40 creatures vanquished.

Notes
Turn   | Place    | Note
-------+----------+-------------------------------------------
     0 | D:1      | Buffagor the Merfolk Shapeshifter began the quest for the
                  | Orb.
     0 | D:1      | Reached XP level 1. HP: 15/15 MP: 1/1
   189 | D:1      | Reached XP level 2. HP: 14/21 MP: 2/2
   809 | D:2      | Reached XP level 3. HP: 18/26 MP: 3/3
  1032 | D:2      | Noticed Terence
  1059 | D:2      | HP: 1/26 [Terence/+0 flail (9)]
  1206 | D:2      | Gained mutation: You are covered in fur. (AC +1) [potion of
                  | mutation]
  1224 | D:2      | Killed Terence
  1225 | D:2      | Reached XP level 4. HP: 7/32 MP: 4/4
  1778 | D:2      | Reached skill level 5 in Unarmed Combat
  1780 | D:2      | Reached skill level 5 in Shapeshifting
  1797 | D:2      | HP: 1/32 [gnoll/+0 club (3)]
  1799 | D:2      | Reached XP level 5. HP: 1/37 MP: 5/5
  2098 | D:3      | Noticed Grinder
  2126 | D:3      | Slain by a gnoll

Illustrated notes

Levels and vault maps discovered:
D:1:      zelgadis_glass_arrival_small, layout_loops_ring
D:2:      layout_loops_ring, due_unseen_surprise, uniq_terence
D:3:      layout_rooms, mainiacjoe_overflow_brackets, nzn_wu_jian_contemplation,
          portal_sewer_entry_d, uniq_grinder

Skill      XL: |  1  2  3  4 |
---------------+-------------+-----
Unarmed Combat | 4 5 |  5.4
Shapeshifting  | 5 |  5.2
Fighting       | |  1.1
Dodging        | |  2.6

Action                     |  1- 3 |  4- 6 || total
---------------------------+-------+-------++-------
  Melee: Unarmed           |    36 |       ||    36
         Dagger            |    55 |    60 ||   115
         Punch             |     3 |     2 ||     5
  Throw: Stone             |     7 |     6 ||    13
    Use: Potion            |     1 |     2 ||     3
         Scroll            |     1 |     8 ||     9
   Stab: Sleeping          |     2 |     2 ||     4
 Armour: Animal skin       |    39 |    19 ||    58
  Dodge: Dodged            |    49 |    18 ||    67
